 Dungeon Crawl Stone Soup version 0.25-a0-1024-gbfbf38f2cb (webtiles) character file.

Game seed: 17255031345081008240, levelgen mode: deterministic

280 MisterFreud the Slasher (level 6, -1/43 HPs)
             Began as an Octopode Gladiator on May 12, 2020.
             Slain by a phantom (5 damage)
             ... on level 4 of the Dungeon.
             The game lasted 00:03:30 (3134 turns).

MisterFreud the Slasher (Octopode Gladiator)        Turns: 3134, Time: 00:03:31

Health: -1/43      AC:  1    Str: 13    XL:     6   Next: 27%
Magic:  6/6        EV: 14    Int: 12    God:
Gold:   190        SH:  0    Dex: 14    Spells: 5/5 levels left

rFire    + . .     SeeInvis .   a - +0 long sword
rCold    . . .     Gourm    .   (no shield)
rNeg     . . .     Faith    .   b - +0 hat
rPois    .         Spirit   .   (no amulet)
rElec    .         Reflect  .   (no ring)
rCorr    .         Harm     .   w - ring of protection from fire
MR       .....                  (no ring)
Stlth    ++........             (no ring)
HPRegen  0.14/turn              (no ring)
MPRegen  0.10/turn              (no ring)
                                (no ring)
                                (no ring)

@: no status effects
A: almost no armour, stealthy swim, amphibious, 8 rings, constrict 8, camouflage
1, gelatinous body 1
a: no special abilities


You were on level 4 of the Dungeon.
You were very hungry.

You visited 1 branch of the dungeon, and saw 4 of its levels.

You collected 190 gold pieces.

Inventory:

Hand Weapons
 a - a +0 long sword (weapon)
Missiles
 c - 3 throwing nets (quivered)
 i - 62 stones
 j - 32 arrows
 y - 20 sling bullets
Armour
 b - a +0 hat (worn)
Jewellery
 w - a ring of protection from fire (right tentacle)
Wands
 p - a wand of polymorph (13)
 u - a wand of random effects (9)
Scrolls
 f - a scroll of enchant armour {unknown}
 g - 2 scrolls of identify
 k - 3 scrolls of teleportation {unknown}
 l - a scroll of magic mapping {unknown}
 o - 3 scrolls of remove curse
 q - 2 scrolls of enchant weapon {unknown}
 r - a scroll of random uselessness {unknown}
Potions
 e - 3 potions of haste
 h - 2 potions of berserk rage {unknown}
 m - 2 potions of curing {unknown}
 n - a potion of invisibility {unknown}
 s - a potion of lignification {unknown}
 t - a potion of mutation {unknown}
 v - a potion of flight {unknown}
 x - 3 potions of stabbing {unknown}
 z - a potion of brilliance {unknown}
Comestibles
 d - 7 rations


   Skills:
 - Level 4.0 Fighting
 + Level 5.8 Long Blades
 - Level 2.0 Throwing
 - Level 3.0 Dodging


You had 5 spell levels left.
You didn't know any spells.
Your spell library was empty.

Dungeon Overview and Level Annotations

Branches:
Dungeon (4/15)
 Temple: D:4-7

Altars:
Trog


Innate Abilities, Weirdness & Mutations

You cannot wear most types of armour.
You are very stealthy in the water. (Stealth+)
You are amphibious.
You can wear up to eight rings at the same time.
You can use your tentacles to constrict eight enemies at once.
Your skin changes colour to match your surroundings (Stealth+).
Your rubbery body absorbs attacks. (AC +1, EV +1)


Message History

You close the door.
Something unseen opens the door.
As you close the door, it creaks loudly!
Something unseen opens the door.
As you close the door, it creaks loudly!
Something unseen opens the door.
You slash the ball python!
You kill the ball python!
You miss something.
A rat comes into view.
Something hits you.
* * * LOW HITPOINT WARNING * * *
There is an open door here.
Things that are here:
a +0 hand axe; a +0 leather armour You close the door.
Something unseen opens the door.
Something hits you!
* * * LOW HITPOINT WARNING * * *
There is a stone staircase leading up here.
Something hits you.
You die...

#.......# ######## #.W<#
####...##.####...##
#.................#
#.......†...?.....#
#.†..###..........#
#....# #..###+#####
#....# #..##.>...##...##
#.........#..@...#.....#
#.........#....†.#....[#
##........'......#.....#
#[......^#......##...#
.........##.....##...#
.........##.....##...#
##. #.....)'...# #.
##......#...#
#.....).#...#


There were no monsters in sight!

Vanquished Creatures
  A bullfrog skeleton (D:4)
  Natasha (thrice) (D:3)
  A worker ant (D:4)
  3 adders
  A gnoll (D:1)
  2 oozes
  3 worms
  4 dart slugs
  3 leopard geckos (D:3)
  2 orcs
  7 bats
  2 giant cockroaches
  5 goblins
  10 hobgoblins
  13 jackals
  3 quokkas
  3 ball pythons
  5 frilled lizards
  14 kobolds
  9 rats
94 creatures vanquished.

Notes
Turn   | Place    | Note
-------+----------+-------------------------------------------
     0 | D:1      | MisterFreud the Octopode Gladiator began the quest for the
                  | Orb.
     0 | D:1      | Reached XP level 1. HP: 14/14 MP: 1/1
    61 | D:1      | Reached XP level 2. HP: 15/20 MP: 2/2
   247 | D:1      | Reached XP level 3. HP: 26/26 MP: 3/3
   622 | D:2      | Found a bloodstained altar of Trog.
  1133 | D:2      | Reached XP level 4. HP: 33/33 MP: 4/4
  1879 | D:3      | Noticed Natasha
  1884 | D:3      | Killed Natasha
  1884 | D:3      | Reached skill level 4 in Long Blades
  1884 | D:3      | Reached XP level 5. HP: 25/37 MP: 5/5
  2266 | D:3      | Noticed Natasha
  2272 | D:3      | Killed Natasha
  2284 | D:3      | Reached skill level 5 in Long Blades
  2290 | D:3      | Noticed Natasha
  2302 | D:3      | Killed Natasha
  2773 | D:4      | Reached XP level 6. HP: 33/43 MP: 6/6
  2781 | D:4      | Noticed a phantom
  3134 | D:4      | Slain by a phantom

Illustrated notes

Levels and vault maps discovered:
D:1:      mrwooster_arrival_statue_3, layout_rooms, minivault_14,
          serial_bayou_pond_e, minmay_misc_feat_more_columns,
          serial_bayou_pond_e
D:2:      layout_basic, bloody_trog
D:3:      layout_rooms, wad_rectangle_vault, uniq_natasha
D:4:      minmay_diamond_boxcup, layout_gridville,
          gammafunk_temple_overflow_claw, kennysheep_mini, portal_sewer_entry_a,
          minmay_misc_feat_ornament, uniq_pikel

Skill      XL: |  1  2  3  4  5 |
---------------+----------------+-----
Fighting       | 3 4 |  4.0
Long Blades    | 4 5 |  5.8
Throwing       | |  2.0
Dodging        | |  3.0

Action                   |  1- 3 |  4- 6 || total
-------------------------+-------+-------++-------
Melee: Long sword        |    38 |   110 ||   148
       Constrict         |    19 |    25 ||    44
       Tentacles         |    13 |    19 ||    32
Evoke: Wand              |       |     4 ||     4
  Use: Scroll            |       |     2 ||     2
 Stab: Sleeping          |     5 |     2 ||     7
  Eat: Chunk             |       |     6 ||     6
Armor: Skin              |     1 |     6 ||     7
Dodge: Dodged            |    24 |    87 ||   111
       Rpst.: Long sword |    12 |    25 ||    37

Table legend:
 A = Non-vault XP
 B = Vault XP
 C = Vault XP percentage of total XP
 D = Non-vault monster count
 E = Vault monster count
 F = Vault count percentage of total count
                 A         B        C        D         E       F
            +---------+---------+-------+---------+---------+-------
      Total |     341 |      60 |  15.0 |      85 |       9 |   9.6
            +---------+---------+-------+---------+---------+-------
        D:1 |      48 |       0 |   0.0 |      24 |       0 |   0.0
        D:2 |      77 |       0 |   0.0 |      23 |       0 |   0.0
        D:3 |     136 |      57 |  29.5 |      31 |       7 |  18.4
        D:4 |      80 |       3 |   3.6 |       7 |       2 |  22.2
            +---------+---------+-------+---------+---------+-------
